 Dungeon Crawl Stone Soup version 0.21-a0-286-g6fcecc0 (webtiles) character file.

119 MirrMurr the Slasher (level 5, -4/43 HPs)
             Began as a Gnoll Berserker on Sept 27, 2017.
             Was a Believer of Trog.
             Slain by a gnoll
             ... wielding a +0 whip
              (9 damage)
             ... on level 2 of the Dungeon.
             The game lasted 00:04:36 (2937 turns).

MirrMurr the Slasher (Gnoll Berserker)              Turns: 2937, Time: 00:04:37

Health: -4/43      AC:  3    Str:  7    XL:     5   Next: 3%
Magic:  5/5        EV: 12    Int:  7    God:    Trog [**....]
Gold:   67         SH:  0    Dex:  7    Spells: 4/4 levels left

rFire    . . .     SeeInvis .   a - +0 falchion
rCold    . . .     Gourm    .   (no shield)
rNeg     . . .     Faith    .   f - +0 leather armour
rPois    .         Spirit   .   (no helmet)
rElec    .         Reflect  .   (no cloak)
rCorr    .         Harm     .   (no gloves)
MR       .....                  (no boots)
Stlth    +.........             (no amulet)
HPRegen  0.14/turn              (no ring)
MPRegen  0.09/turn              (no ring)

@: berserk cooldown, slowed, very slow
A: unchanging attributes, fangs 1, strong nose
a: Berserk, Trog's Hand, Burn Spellbooks, Renounce Religion


You were on level 2 of the Dungeon.
You worshipped Trog.
Trog was pleased with you.
You were not hungry.

You visited 1 branch of the dungeon, and saw 2 of its levels.

You collected 67 gold pieces.

Inventory:

Hand Weapons
 a - a +0 falchion (weapon)
 b - a +0 hunting sling
Missiles
 g - 63 stones (quivered)
 j - 15 arrows
Armour
 f - a +0 leather armour (worn)
Wands
 e - a wand of flame (21/48)
Scrolls
 h - a scroll of random uselessness {unknown}
 m - a scroll of identify {unknown}
Potions
 d - a potion of magic {unknown}
 i - a potion of degeneration {unknown}
 k - a potion of might {unknown}
 l - a potion of curing {unknown}
Comestibles
 c - a bread ration
 n - 2 chunks of flesh


   Skills:
 + Level 4.8 Fighting
 * Level 5.3 Long Blades
 + Level 4.2 Armour
 + Level 3.6 Dodging


You had 4 spell levels left.
You didn't know any spells.

Dungeon Overview and Level Annotations

Branches:
Dungeon (2/15)

Altars:


Innate Abilities, Weirdness & Mutations

Your physical attributes are unchanging.
You have very sharp teeth.
Your uncanny sense of smell can sniff out nearby items.


Message History

You hit the gnoll but do no damage.
The gnoll is lightly wounded.
The leopard gecko moves out of view.
The gnoll hits you with a whip.
You hit the gnoll. Your bite misses the gnoll.
The gnoll is heavily wounded.
The gnoll hits you with a whip. x2
You are too injured to fight recklessly!
You are too injured to fight recklessly!
The gnoll hits you with a whip!
* * * LOW HITPOINT WARNING * * *
Things that are here:
a spear; a gnoll corpse You barely miss the gnoll.
The gnoll is heavily wounded.
The gnoll hits you with a whip.
* * * LOW HITPOINT WARNING * * *
You hit the gnoll.
The gnoll is severely wounded.
The gnoll misses you. The gnoll hits you with a whip!
You die...

######## #......# #.###''#
#.#≈≈).≈≈# #.#§≈.§≈≈#
#@#≈.≈≈.≈# #####g#≈.≈≈.≈#
#....l#≈≈..§§# ....#
#.....#≈≈≈≈≈≈#.....#
############.....########.....#
...........'..........+ ......
.......#####..........+##.....
.#####.#####...............#
...........................#


You could see a gnoll and a leopard gecko.

Vanquished Creatures
  4 gnolls
  3 adders (D:2)
  2 oozes (D:1)
  A dart slug (D:2)
  2 leopard geckos (D:2)
  3 giant cockroaches (D:1)
  6 hobgoblins
  6 jackals (D:1)
  2 quokkas (D:2)
  A bat (D:1)
  2 frilled lizards (D:2)
  5 goblins
  3 kobolds
  A rat (D:2)
41 creatures vanquished.

Notes
Turn   | Place    | Note
-------+----------+-------------------------------------------
     0 | D:1      | MirrMurr the Gnoll Berserker began the quest for the Orb.
     0 | D:1      | Reached XP level 1. HP: 19/19 MP: 1/1
   324 | D:1      | Reached XP level 2. HP: 20/25 MP: 2/2
   468 | D:1      | Reached XP level 3. HP: 12/31 MP: 3/3
  1728 | D:2      | Reached XP level 4. HP: 34/38 MP: 4/4
  2717 | D:2      | Reached ** piety under Trog
  2920 | D:2      | Reached skill level 5 in Long Blades
  2930 | D:2      | Reached XP level 5. HP: 43/43 MP: 5/5
  2937 | D:2      | Slain by a gnoll

Vault maps used:
D:1:      minmay_arrival_hallway, minmay_misc_feat_enclosed, serial_bayou_pond_e
D:2:      kennysheep_generic_room_15

Skill      XL: |  1  2  3  4 |
---------------+-------------+-----
Armour         | 3 4 |  4.2
Dodging        | 3 |  3.6
Long Blades    | 5 |  5.3
Fighting       | |  4.8

Action                   |  1- 3 |  4- 6 || total
-------------------------+-------+-------++-------
Melee: Falchion          |   133 |    71 ||   204
       Bite              |     5 |     4 ||     9
 Fire: Hunting sling     |       |     8 ||     8
Invok: Berserk           |     3 |     3 ||     6
  Use: Scroll            |     1 |     2 ||     3
  Eat: Chunk             |     3 |       ||     3
       Meat ration       |     1 |       ||     1
       Bread ration      |       |     1 ||     1
Armor: Animal skin       |     5 |       ||     5
       Leather armour    |    23 |     9 ||    32
Dodge: Dodged            |    88 |    58 ||   146
       Rpst.: Falchion   |    29 |    14 ||    43

Table legend:
 A = Spawn XP
 B = Non-spawn XP
 C = Spawn XP percentage of total XP
 D = Spawn monster count
 E = Non-spawn monster count
 F = Spawn count percentage of total count
 G = Total turns spent on level
                    A         B        C        D         E        F      G
               +---------+---------+-------+---------+---------+-------+---------
         Total |       0 |     171 |   0.0 |       0 |      41 |   0.0 |  2937
               +---------+---------+-------+---------+---------+-------+---------
           D:1 |       0 |      65 |   0.0 |       0 |      23 |   0.0 |  1500
           D:2 |       0 |     106 |   0.0 |       0 |      18 |   0.0 |  1437
               +---------+---------+-------+---------+---------+-------+---------
